AoeStats
← 军军

Arabia

510079685Analyzed
1v1 RM · 4d ago on Sep 29, 2026· 30m 18s· 2 players
Game mode
Random Map
Map size
Tiny (2 player)
Population
200
Speed
Normal
Resources
Standard
Victory
Conquest
Starting age
Dark Age
Ending age
Imperial Age
RankedLock teamsTeams togetherTeam positionsShared explorationLock speedFull tech treeHidden civsTurbo modeCheats
Victory
Defeat
🇨🇳 Teutons · China
825
+17
🇫🇷 Mongols · France
848
-17
军军
6:21 Loom
7:23 Loom
10:28 Feudal Age
10:56 Double-Bit Axe
10:47 Man-at-Arms
14:21 Horse Collar
16:21 Scale Mail Armor
16:31 Forging
16:37 Gold Mining
18:56 Wheelbarrow
22:19 Castle Age
23:31 Bow Saw
23:23 Heavy Plow
24:06 Chain Mail Armor
23:56 Squires
24:14 Long Swordsman
28:10 Scale Barding Armor
28:41 Iron Casting
28:24 Hand Cart
Smooove
7:52 Loom
10:38 Feudal Age
16:47 Castle Age
22:40 Double-Bit Axe
23:14 Bloodlines
24:20 Forging
24:17 Scale Barding Armor
Connection lost

Rejoining the realm…

Still unreachable

The connection could not be restored.

Session expired

The server has moved on; the page needs a fresh start.